 Dungeon Crawl Stone Soup version 0.23-a0-321-g6bcb69f (webtiles) character file.

55 namelastname112 the Slasher (level 3, 0/30 HPs)
             Began as a Draconian Gladiator on Oct 15, 2018.
             Succumbed to an adder's poison
             ... on level 3 of the Dungeon.
             The game lasted 00:02:23 (1295 turns).

namelastname112 the Slasher (Draconian Gladiator)   Turns: 1295, Time: 00:02:23

Health: 0/30       AC:  5    Str: 16    XL:     3   Next: 67%
Magic:  3/3        EV: 13    Int:  8    God:
Gold:   93         SH:  0    Dex: 13    Spells: 2/2 levels left

rFire    . . .     SeeInvis .   a - +0 long sword
rCold    . . .     Gourm    .   (no shield)
rNeg     . . .     Faith    .   (armour unavailable)
rPois    .         Spirit   +   b - +0 hat
rElec    .         Reflect  .   (no cloak)
rCorr    .         Harm     .   (no gloves)
MR       .....                  (no boots)
Stlth    +.........             j - amulet of guardian spirit
HPRegen  0.10/turn              (no ring)
MPRegen  0.08/turn              (no ring)

@: lethally poisoned (0 -> -1)
A: unfitting armour, cold-blooded, AC +5
a: no special abilities


You were on level 3 of the Dungeon.
You were not hungry.

You visited 1 branch of the dungeon, and saw 3 of its levels.

You collected 93 gold pieces.

Inventory:

Hand Weapons
 a - a +0 long sword (weapon)
Missiles
 c - 3 throwing nets (quivered)
 g - 4 curare-tipped needles
Armour
 b - a +0 hat (worn)
Jewellery
 j - an amulet of guardian spirit (around neck)
Scrolls
 e - 2 scrolls of remove curse {unknown}
 f - a scroll of immolation {unknown}
 h - a scroll of enchant armour {unknown}
 k - a scroll of identify {unknown}
Comestibles
 d - a ration
 i - 3 chunks of flesh


   Skills:
 + Level 2.8 Fighting
 * Level 3.7 Long Blades
 + Level 2.2 Throwing
 + Level 3.0 Dodging


You had 2 spell levels left.
You didn't know any spells.
Your spell library was empty.

Dungeon Overview and Level Annotations

Branches:
Dungeon (3/15)

Altars:
Cheibriados
Fedhas
Zin

Annotations:
D:2 Sigmund


Innate Abilities, Weirdness & Mutations

Your plain brown scales are hard. (AC +5)
You cannot fit into any form of body armour.
You are cold-blooded and may be slowed by cold attacks.


Message History

A kobold comes into view. It is wielding a +0 club.
* * * LOW HITPOINT WARNING * * *
You feel sick.
You take 1 damage, and have 2/30 hp.
The kobold shouts!
You hear an angry hiss.
* * * LOW HITPOINT WARNING * * *
You feel sick.
You take 1 damage, and have 2/30 hp.
MP restored: 3
There is a stone staircase leading down here.
* * * LOW HITPOINT WARNING * * *
You feel sick.
You climb downwards.
A quokka comes into view.
There is a stone staircase leading up here.
You take 1 damage, and have 1/30 hp.
A bat comes into view.
Found 9 gold pieces.
A giant cockroach comes into view.
You die...

.......... #
#.....$..#
#.#........#
.#.........
.......PP.
#....>PPPP
#....sPP_.
#@#


PP. #.####P.... #..<...r# #.####### #.# b.# ##.# #.# #.# You could see a giant
cockroach (sleeping) and a bat (sleeping).

Vanquished Creatures
  An adder (D:2)
  2 worms (D:2)
  2 dart slugs (D:1)
  4 leopard geckos
  A ball python (D:1)
  2 bats (D:1)
  A giant cockroach (D:1)
  2 goblins (D:1)
  6 hobgoblins
  3 jackals (D:1)
  2 frilled lizards
  A kobold (D:1)
  3 rats (D:1)
30 creatures vanquished.

Notes
Turn   | Place    | Note
-------+----------+-------------------------------------------
     0 | D:1      | namelastname112 the Draconian Gladiator began the quest for
                  | the Orb.
     0 | D:1      | Reached XP level 1. HP: 17/17 MP: 1/1
   452 | D:1      | Reached XP level 2. HP: 25/25 MP: 2/2
   701 | D:1      | Reached XP level 3. HP: 29/30 MP: 3/3
  1120 | D:2      | Noticed Sigmund
  1156 | D:2      | Found a glowing silver altar of Zin.
  1157 | D:2      | Found a snail-covered altar of Cheibriados.
  1291 | D:2      | HP: 1/30 [poisoned by an adder]
  1295 | D:3      | Found a blossoming altar of Fedhas.
  1295 | D:3      | Succumbed to an adder's poison

Vault maps used:
D:1:      shiori_shiawase
D:2:      gammafunk_temple_overflow_pools, serial_bayou, serial_bayou_pond_d,
          serial_bayou_pond_a, serial_bayou_shore_a, serial_bayou_lagoon_a,
          uniq_sigmund
D:3:      grunt_temple_overflow_forces_of_nature, old_standard_altar

Skill      XL: |  1  2  3 |
---------------+----------+-----
Throwing       | 2 |  2.2
Dodging        | 3 |  3.0
Fighting       | |  2.8
Long Blades    | |  3.7

Action                   || total
-------------------------++-------
Melee: Long sword        ||    80
       Tailslap          ||    11
  Eat: Chunk             ||     1
Armor: Skin              ||    38
Dodge: Dodged            ||    66
       Rpst.: Long sword ||    20

Table legend:
 A = Non-vault XP
 B = Vault XP
 C = Vault XP percentage of total XP
 D = Non-vault monster count
 E = Vault monster count
 F = Vault count percentage of total count
                 A         B        C        D         E       F
            +---------+---------+-------+---------+---------+-------
      Total |      79 |       0 |   0.0 |      30 |       0 |   0.0
            +---------+---------+-------+---------+---------+-------
        D:1 |      50 |       0 |   0.0 |      24 |       0 |   0.0
        D:2 |      29 |       0 |   0.0 |       6 |       0 |   0.0
            +---------+---------+-------+---------+---------+-------
